 Dungeon Crawl Stone Soup version 0.27-a0-366-g8badd94918 (webtiles) character file.

Game seed: 15337664903157893709

19 universalconstance the Insei (level 2, -4/18 HPs)
             Began as an Octopode Transmuter on Feb 17, 2021.
             Slain by an adder (5 damage)
             ... on level 2 of the Dungeon.
             The game lasted 00:02:13 (1155 turns).

universalconstance the Insei (Octopode Transmuter)  Turns: 1155, Time: 00:02:15

Health: -4/18      AC:  1    Str:  6 (9)  XL:     2   Next: 75%
Magic:  5/5        EV: 13    Int: 14 (15) God:
Gold:   46         SH:  0    Dex: 10 (12) Spells: 4/5 levels left

rFire    + . .     SeeInvis .     - Unarmed
rCold    . . .     Faith    .   (no shield)
rNeg     . . .     Spirit   .   (helmet restricted)
rPois    .         Reflect  .   (no amulet)
rElec    .         Harm     .   g - ring of protection from fire
rCorr    .         Rampage  .   (no ring)
Will     .....                  (no ring)
Stlth    +++.......             (no ring)
HPRegen  0.06/turn              (no ring)
MPRegen  0.09/turn              (no ring)
                                (no ring)
                                (no ring)

@: lethally poisoned (-4 -> -8)
A: almost no armour, stealthy swim, amphibious, 8 rings, constrict 8, camouflage
1, gelatinous body 1
a: no special abilities


You were on level 2 of the Dungeon.
You visited 1 branch of the dungeon, and saw 2 of its levels.

You collected 46 gold pieces.

Inventory:

Jewellery
 g - a ring of protection from fire (left tentacle)
Scrolls
 a - 2 scrolls of identify {unknown}
 c - 3 scrolls of teleportation {unknown}
 d - a scroll of magic mapping {unknown}
 f - a scroll of immolation {unknown}
 i - a scroll of enchant armour {unknown}
Potions
 b - 2 potions of brilliance {unknown}
 e - 2 potions of degeneration
 h - a potion of attraction {unknown}
 j - a potion of cancellation {unknown}


   Skills:
 + Level 1.2 Fighting
 + Level 2.2 Dodging
 * Level 1.8 Stealth
 + Level 3.1 Unarmed Combat
 + Level 2.1 Spellcasting
 + Level 2.1 Transmutations


You had 4 spell levels left.
You knew the following spells:

 Your Spells              Type           Power        Failure   Level
a - Beastly Appendage     Tmut           14%          10%         1

Your spell library contained the following spells:

 Spells                   Type           Power        Failure   Level
 Wereblood                Tmut           7%           16%         2
 Spider Form              Tmut/Pois      2%           41%         3
 Ice Form                 Ice/Tmut       4%           83%         4
 Blade Hands              Tmut           3%           95%         5


Dungeon Overview and Level Annotations

Branches:
Dungeon (2/15)

Altars:


Innate Abilities, Weirdness & Mutations

You cannot wear most types of armour.
You are very stealthy in the water. (Stealth+)
You are amphibious.
You can wear up to eight rings at the same time.
You can use your tentacles to constrict eight enemies at once.
Your skin changes colour to match your surroundings (Stealth+).
Your rubbery body absorbs attacks. (AC +1, EV +1)


Message History

You see here 14 stones.
An adder comes into view.
Found a runed dagger.
A kobold comes into view.
Found a dagger and 18 arrows.
The kobold shouts!
An adder comes into view.
The adder bites you.
An adder comes into view.
You closely miss the adder.
The adder hisses angrily.
Your grab misses the adder. The adder bites you. The kobold barely misses you.
The adder bites you.
You are too injured to fight recklessly!
You are too injured to fight recklessly!
You are too injured to fight recklessly!
You are too injured to fight recklessly!
You tentacle-slap the kobold. Your grab misses the kobold.
The kobold is moderately wounded.
The kobold barely misses you.
You tentacle-slap the kobold.
You kill the kobold!
The adder bites you.
You are lethally poisoned!
The adder poisons you!
You closely miss the adder. You grab the adder.
You constrict the adder, but do no damage.
* * * LOW HITPOINT WARNING * * *
You feel sick. The adder bites you.
* * * LOW HITPOINT WARNING * * *
You tentacle-slap the adder but do no damage.
You squeeze the adder, but do no damage.
You constrict the adder. The adder closely misses you.
It was a potion of degeneration.
There was something very wrong with that liquid.
You feel weakened.
You feel dopey.
You feel clumsy.
You constrict the adder.
* * * LOW HITPOINT WARNING * * *
You feel sick. The adder bites you.
You die...

. #.# .# #.# .. #.#
###. ..# #(.. #.# )..
#.#########
#..###.####.#.......#
#..)....SS@.#.......#
#....#..S##.........#
##. #...####.......#
.....+ +.....).#
.......####.......#
#.......#.......#######
#.....#.#.###+#(......#
#######.#.###.#.......#
#....†........#


You could see 3 adders.

Vanquished Creatures
  2 dart slugs (D:1)
  4 bats
  A giant cockroach (D:1)
  2 goblins (D:1)
  A hobgoblin (D:2)
  2 kobolds
  2 frilled lizards (D:1)
  A rat (D:1)
15 creatures vanquished.

Notes
Turn   | Place    | Note
-------+----------+-------------------------------------------
     0 | D:1      | universalconstance the Octopode Transmuter began the quest
                  | for the Orb.
     0 | D:1      | Reached XP level 1. HP: 13/13 MP: 3/3
   222 | D:1      | Reached skill level 1 in Stealth
   301 | D:1      | Reached XP level 2. HP: 15/18 MP: 5/5
  1155 | D:2      | Slain by an adder

Illustrated notes

Levels and vault maps discovered:
D:1:      dpeg_arrival_shrine, layout_loops_corners, serial_forest,
          infiniplex_forest_end_double, infiniplex_forest_fountain,
          infiniplex_forest_clump_small, infiniplex_forest_clump_small,
          infiniplex_forest_zigzag_2, infiniplex_forest_straight_4,
          infiniplex_forest_clump_double, st_stairs_12,
          chequers_serial_rivers_micro_c
D:2:      layout_basic, nicolae_qazlal_general_emergency, zin_purify,
          bloody_trog, kennysheep_slug_shrine, nicolae_overflow_hidden_temple,
          minmay_octomino_c4, uniq_jessica

Skill      XL: |  1 |
---------------+----+-----
Stealth        | 1 |  1.8
Fighting       | |  1.2
Dodging        | |  2.2
Unarmed Combat | |  3.1
Spellcasting   | |  2.1
Transmutations | |  2.1

Action                   || total
-------------------------++-------
Melee: Unarmed           ||    34
       Constrict         ||    10
       Tentacles         ||     4
       Punch             ||     1
  Use: Potion            ||     1
 Stab: Sleeping          ||     3
Armor: Skin              ||     5
Dodge: Dodged            ||    15

Table legend: (Time is in decaauts)
 A = Elapsed time spent in this place.
 B = Non-inter-level travel time spent in this place.
 C = Inter-level travel time spent in this place.
 D = Time resting spent in this place.
 E = Time spent auto-exploring this place.
 F = Levels seen in this place.
 G = Mean time per level.
                   A        B        C        D        E       F      G
               +--------+--------+--------+--------+--------+-----+--------+
         Total |   1152 |   1114 |     38 |      0 |   1015 |   2 |  576.0 |
       Dungeon |   1152 |   1114 |     38 |      0 |   1015 |   2 |  576.0 |
               +--------+--------+--------+--------+--------+-----+--------+

Top non-repeatable levels by time:
     D:1: 1109 daAuts
     D:2: 43 daAuts
